Cogmind - Beta 16 @@@ ROGUE MODE // 2025.11.09 @ 15:42:58 Player: Lazz Result: Destroyed by MX-G3O(j) with Overtuned Pulse Rifle Performance ------------- Evolutions (0) 0 Regions Visited (3) 600 Robots Destroyed (7) 35 Value Destroyed (222) 222 Prototype IDs (0) 0 Alien Tech Used (0) 0 Bonus (793) 793 TOTAL SCORE: 1650 Bonus ------- Registered with UFD 300 Met Optimus in HQ 500 Friendly Fire -7 Cogmind --------- Core Integrity 0/250 Matter 285/300 Energy 70/100 System Corruption 0% Temperature Hot (212) Movement Treading (160) Ox1 Location -8/Scraptown Parts ------- > --- POWER (1) -------- (None) > --- PROPULSION (2) --- Overtuned Treads > --- UTILITY (2) ------ Large Storage Unit ID Mask > --- WEAPON (2) ------- (None) > --- INVENTORY (15) --- Light Ion Engine Light Treads Light Treads Overtuned Scrapsphere Scrap Suit Scrap Suit Disposable Heat Sink Improved Terrain Scanner Hacking Suite Heavy Assault Rifle Subdweller Machine Gun Peak State ------------ > --- POWER ------------ Subdweller Power Source > --- PROPULSION ------- Overtuned Treads Overtuned Treads > --- UTILITY ---------- Large Storage Unit ID Mask > --- WEAPON ----------- Small Laser Heavy Flak Cannon > --- INVENTORY -------- Light Ion Engine Light Treads Light Treads Armored Treads Overtuned Treads Overtuned Scrapsphere Scrap Suit Scrap Suit Disposable Heat Sink Improved Terrain Scanner Hacking Suite Heavy Assault Rifle Subdweller Machine Gun [Rating: 27] Favorites ----------- Power Light Ion Engine Engine Light Ion Engine Propulsion Light Treads Treads Light Treads Leg Aluminum Leg Utility Improved Terrain Scanner Device Improved Terrain Scanner Storage Small Storage Unit Processor ID Mask Weapon Small Laser Energy Gun Small Laser Ballistic Gun Subdweller Machine Gun Ballistic Cannon Heavy Flak Cannon Build | -11 -10 -10 -8 ------- Run | Yrd Mat Sub Scr Slots Evolved . | . . . . Power . | . . . . Propulsion . | . . . . Utility . | . . . . Weapon . | . . . . Parts Attached 21 | 7 . 5 9 Power 2 | 1 . . 1 Engine 2 | 1 . . 1 Core . | . . . . Reactor . | . . . . Propulsion 9 | 2 . 2 5 Treads 7 | . . 2 5 Leg 2 | 2 . . . Wheel . | . . . . Hover . | . . . . Flight . | . . . . Utility 4 | 2 . . 2 Device 1 | 1 . . . Storage 2 | 1 . . 1 Processor 1 | . . . 1 Hackware . | . . . . Protection . | . . . . Artifact . | . . . . Weapon 6 | 2 . 3 1 Energy Gun 1 | . . 1 . Energy Cannon . | . . . . Ballistic Gun 4 | 2 . 2 . Ballistic Cannon 1 | . . . 1 Launcher . | . . . . Special Weapon . | . . . . Impact Weapon . | . . . . Slashing Weapon . | . . . . Piercing Weapon . | . . . . Special Melee Weapon . | . . . . Unidentified Prototypes . | . . . . Parts Lost 9 | . . 3 6 Power 1 | . . . 1 Propulsion 4 | . . 1 3 Utility . | . . . . Weapon 4 | . . 2 2 Highest Loss Streak 6 | . . 3 6 To Critical Strikes . | . . . . Average Backups 6 | 1 4 5 7 Power 1 | . 1 1 1 Propulsion 1 | 1 2 1 1 Utility 1 | . . . 2 Weapon 1 | . 1 1 1 Tool/Special . | . . . . Unused Backups 6 | . . . 6 Power 1 | . . . 1 Propulsion 1 | . . . 1 Utility 4 | . . . 4 Weapon . | . . . . Tool/Special . | . . . . Average Slot Usage (%) 98 | . 100 92 99 Engine 13 | . 14 14 13 Treads 21 | . . 3 28 Leg 5 | . 28 19 . Device 13 | . 14 14 13 Storage 14 | . 14 14 14 Energy Gun 11 | . . 5 13 Ballistic Gun 15 | . 28 20 12 Peak Build Rating 27 | 9 9 10 27 Average Rating 11 | 4 9 9 12 On Entrance 7 | . 9 9 10 Avg Prop Armor Cover (%) 11 | . . . 11 Naked Turns . | . . . . Heaviest Build 35 | 13 13 14 35 Greatest Support 40 | 20 20 40 40 Greatest Overweight (x) 11 | 3 . 1 11 Average Overweight (x) . | . . . . Largest Inventory Capacity 15 | 8 8 8 15 Average Capacity 9 | 7 8 8 10 Most Carried 15 | 4 4 8 15 Average Carried 7 | 2 4 6 8 Final Capacity 15 | 8 8 8 15 Final Carried 13 | 4 4 5 13 Class Distribution -------------------- 94% | Mutant 5% | Scavenger-Mutant Dominant Class ---------------- Mutant | -10/Materials Mutant | -10/Subcaves Mutant | -8/Scraptown Resources | -11 -10 -10 -8 ----------- Run | Yrd Mat Sub Scr Matter Collected 553 | 233 . 199 121 Remotely . | . . . . Salvage Created 279 | 24 . 255 . Parts 26 | 3 . 23 . Haulers Intercepted . | . . . . Recyclers Shooed . | . . . . Parts Field Recycled . | . . . . Retrieved Matter . | . . . . Parts Self-Destructed 7 | . . 7 . Prevented . | . . . . Parts Restored . | . . . . Kills | -11 -10 -10 -8 ------- Run | Yrd Mat Sub Scr Combat Hostiles Destroyed 6 | . . 6 . Guns 6 | . . 6 . Classes Destroyed 4 | 1 . 3 . Tunneler 1 | 1 . . . Swarmer 1 | . . 1 . Sentry 1 | . . 1 . Subdweller 4 | . . 4 . Best Kill Streak 3 | 1 . 3 . Combat Bots Only 3 | . . 3 . Max Kills in Single Turn 1 | 1 . 1 . Gunslinging . | . . . . Exploded . | . . . . Melee . | . . . . Uniques/NPCs Destroyed . | . . . . Combat | -11 -10 -10 -8 -------- Run | Yrd Mat Sub Scr Hostile Shots Fired 99 | . . 44 55 Missed 21 | . . 10 11 Hits 78 | . . 34 44 Projectile 78 | . . 34 44 Critical Strikes 2 | . . . 2 Damage Taken 1576 | . . 637 939 Core 267 | . . 136 131 Absorbed by Shields . | . . . . Core Remaining (%) 100 | 100 . . . Volleys Fired 46 | 1 . 41 4 Largest 2 | 2 . 2 2 Hottest 84 | 40 . 70 84 Shots Fired 80 | 2 . 72 6 Gun 77 | 2 . 72 3 Cannon 3 | . . . 3 Launcher . | . . . . Special . | . . . . Kinetic 62 | 2 . 57 3 Thermal 18 | . . 15 3 Explosive . | . . . . Electromagnetic . | . . . . Robot Hit Streak 10 | 1 . 9 10 Robot Miss Streak 2 | 1 . 2 2 Penetration Max . | . . . . Secondary Targets . | . . . . Shots Hit Robots 46 | 1 . 40 5 Core Hits 20 | 1 . 13 6 Critical Kills . | . . . . Critical Parts Destroyed . | . . . . Critical Strikes . | . . . . Melee Attacks . | . . . . Impact . | . . . . Slashing . | . . . . Piercing . | . . . . Sneak Attacks . | . . . . Combat Hostiles . | . . . . Follow-up Attacks . | . . . . Damage Inflicted 550 | 15 . 461 74 Guns 497 | 15 . 461 21 Cannons 53 | . . . 53 Explosions . | . . . . Melee . | . . . . Ramming . | . . . . Kinetic 495 | 15 . 427 53 Thermal 55 | . . 34 21 Explosive . | . . . . Electromagnetic . | . . . . Impact . | . . . . Slashing . | . . . . Piercing . | . . . . Highest Corruption . | . . . . Average Corruption . | . . . . Corruption Purged . | . . . . Corruption Blocked . | . . . . Overload Shots . | . . . . Overflow Damage . | . . . . Projectiles . | . . . . Explosions . | . . . . Melee . | . . . . Knockbacks 1 | . . . 1 Impact . | . . . . Kinetic 1 | . . . 1 Secondary . | . . . . Self-Inflicted Damage . | . . . . Shots . | . . . . Rammed . | . . . . Targets Rammed . | . . . . Kicked . | . . . . Crushed . | . . . . Highest Temperature 173 | . . . 173 Average Temperature 76 | . . . 76 Received Heat Transfer 695 | . . 117 578 Siege Activations . | . . . . Martial Activations . | . . . . Shielding Activations . | . . . . Robots Disrupted . | . . . . Combat Hostiles . | . . . . Robots Corrupted . | . . . . Combat Hostiles . | . . . . Parts Fried . | . . . . Impact Corruptions . | . . . . Robots Melted . | . . . . Combat Hostiles . | . . . . Parts Melted . | . . . . Heat Transferred 105 | . . 75 30 Parts Sabotaged . | . . . . Parts Stolen . | . . . . Parts Stripped . | . . . . Power Chain Reactions . | . . . . Alert | -11 -10 -10 -8 ------- Run | Yrd Mat Sub Scr Maximum Alert Level . | . . . . Low Security (%) 100 | 100 100 . . Level 1 . | . . . . Level 2 . | . . . . Level 3 . | . . . . Level 4 . | . . . . Level 5 . | . . . . High Security . | . . . . Max Security . | . . . . Peak Influence 5 | 5 3 . . Initial 3 | . 3 . . Average . | . . . . Influence Increases 45 | 5 . 40 . Destroy 0b10 Robot/C 40 | . . 40 . Destroy 0b10 Robot/NC 5 | 5 . . . Influence Decreases 45 | . 5 40 . Entered New Map 2 | . 2 . . Time Decay 43 | . 3 40 . Squads Dispatched . | . . . . Investigation . | . . . . Extermination . | . . . . Reinforcement . | . . . . Assault . | . . . . Garrison . | . . . . Intercept . | . . . . Searches Triggered . | . . . . Construction Impeded . | . . . . Haulers Reinforced . | . . . . Active Scanning Responses . | . . . . Cargo Convoy Interrupts . | . . . . Stealth | -11 -10 -10 -8 --------- Run | Yrd Mat Sub Scr Distress Signals . | . . . . Communications Jammed . | . . . . Distress Signals . | . . . . Times Spotted 24 | . . 6 18 Peak Tracking Total 6 | . . 2 6 Tactical Retreats . | . . . . ID Masks Used 1 | . . . 1 Traps | -11 -10 -10 -8 ------- Run | Yrd Mat Sub Scr Traps Triggered . | . . . . Indirectly . | . . . . Trap Hack Attempts . | . . . . Triggered . | . . . . Disarmed . | . . . . Reprogrammed . | . . . . Reused . | . . . . Traps Extracted . | . . . . Installed . | . . . . Triggered . | . . . . Most Traps Carried 1 | . . 1 1 Machines | -11 -10 -10 -8 ---------- Run | Yrd Mat Sub Scr Machines Disabled . | . . . . Max in Single Turn . | . . . . Machines Repaired . | . . . . Machines Dismantled . | . . . . Machines Sabotaged . | . . . . Overloaded Fab Kills . | . . . . Hacking | -11 -10 -10 -8 --------- Run | Yrd Mat Sub Scr Machines Accessed 5 | . . . 5 Terminals . | . . . . Fabricators . | . . . . Repair Stations . | . . . . Recycling Units . | . . . . Scanalyzers . | . . . . Garrison Access . | . . . . Total Hacks 37 | . . . 37 Successful 37 | . . . 37 Failed . | . . . . Catastrophic . | . . . . Database Lockouts . | . . . . Manual . | . . . . Terminals . | . . . . Fabricators . | . . . . Repair Stations . | . . . . Recycling Units . | . . . . Scanalyzers . | . . . . Garrison Access . | . . . . Terminal Hacks 37 | . . . 37 Record 37 | . . . 37 Fabricator Hacks . | . . . . Repair Station Hacks . | . . . . Recycling Unit Hacks . | . . . . Scanalyzer . | . . . . Garrison Access Hacks . | . . . . Unauthorized Hacks . | . . . . Terminals . | . . . . Fabricators . | . . . . Repair Stations . | . . . . Recycling Units . | . . . . Scanalyzers . | . . . . Garrison Access . | . . . . Data Cores Recovered . | . . . . Used . | . . . . Hacking Detections . | . . . . Full Trace Events . | . . . . Feedback Events . | . . . . Feedback Blocked . | . . . . Robot Schematics Acquired . | . . . . Robots Built . | . . . . Authchips . | . . . . Time . | . . . . Total Robot Build Rating . | . . . . Part Schematics Acquired . | . . . . Parts Built . | . . . . Authchips . | . . . . Time . | . . . . Total Part Build Rating . | . . . . Part Studies Acquired . | . . . . Parts Repaired . | . . . . Time . | . . . . Parts Recycled . | . . . . Recycled Matter . | . . . . Retrieved Matter . | . . . . Retrieved Components . | . . . . Parts Scanalyzed . | . . . . Part Schematics Acquired . | . . . . Parts Damaged . | . . . . Bothacking | -11 -10 -10 -8 ------------ Run | Yrd Mat Sub Scr Used RIF Installer . | . . . . Robots Hacked . | . . . . Non-combat . | . . . . Combat . | . . . . Robot Hacks Applied . | . . . . Relay Couplers Released . | . . . . Fabnet Peak Effective % . | . . . . Robots Rewired . | . . . . Allies Hacked . | . . . . Hacks Repelled . | . . . . Allies | -11 -10 -10 -8 -------- Run | Yrd Mat Sub Scr Total Allies . | . . . . Largest Group . | . . . . Highest-Rated Group . | . . . . Highest-Rated Ally . | . . . . Total Orders . | . . . . Ally Attacks . | . . . . Total Damage . | . . . . Kills . | . . . . Allies Corrupted . | . . . . Allies Melted 2 | . . . 2 Intel | -11 -10 -10 -8 ------- Run | Yrd Mat Sub Scr Active Infowar (turns) 1971 | 5 142 320 1504 Terrain 1958 | 5 142 320 1491 ID Mask 13 | . . . 13 Robot Analysis Total . | . . . . Derelict Logs Recovered 2 | . . . 2 Drone Launches . | . . . . Drone Recoveries . | . . . . Exploration | -11 -10 -10 -8 ------------- Run | Yrd Mat Sub Scr Turns Passed 2041 | 75 142 320 1504 Spaces Moved 1084 | 46 11 120 907 Core 17 | 12 . . 5 Treads 929 | . . 27 902 Legs 138 | 34 11 93 . Wheels . | . . . . Hover . | . . . . Flight . | . . . . Fastest Speed 50 | 50 120 120 140 Average Speed 158 | 121 120 145 162 Slowest Speed 600 | 200 120 190 600 Overloaded Moves . | . . . . Propulsion Burnouts . | . . . . Robots Hopped . | . . . . Potential Cave-ins . | . . . . Cave-ins Triggered . | . . . . Exploration Rate (%) 22 | 5 3 13 69 Regions Visited 3 Branch Regions 2 Pre-discovered Areas . | . . . . Known Exits Taken . | . . . . Unknown Exits Taken 3 | 1 1 1 . Scrap Searched 4 | . . . 4 Spaces Dug . | . . . . Terrain Destroyed . | . . . . Melee . | . . . . Projectile . | . . . . AOE . | . . . . Terrain Rammed . | . . . . Walls Destroyed . | . . . . Machines Disabled . | . . . . Actions | -11 -10 -10 -8 --------- Run | Yrd Mat Sub Scr Total 1324 | 59 140 193 932 Wait 155 | 2 130 23 . Move 1081 | 45 10 119 907 Hop . | . . . . Pick Up 16 | 4 . 4 8 Fast Attach 7 | 7 . . . Attach 6 | . . 4 2 Detach . | . . . . Swap 8 | . . 1 7 Drop 5 | . . 1 4 Fire 46 | 1 . 41 4 Melee . | . . . . Ram . | . . . . Kick . | . . . . Crush . | . . . . Escape Stasis . | . . . . Rewire . | . . . . Trap . | . . . . Miscellaneous . | . . . . Route ------- -11/Scrapyard -10/Materials -10/Subcaves (discovered 2 exits: [*Mat] / *Scr) -8/Scraptown (discovered 1 exit: [*Fac]) History --------- Turn | Location | Event 16 | -11/Scrapyard | Discovered new exit (range 16) 76 | -11/Scrapyard | Entered Materials 210 | -10/Materials | Discovered new exit (range 6) 218 | -10/Materials | Entered Subcaves 219 | -10/Subcaves | Approached by a straggling Scientist 230 | -10/Subcaves | Shifting Twisted Machinery released Shrapnel Trap 278 | -10/Subcaves | Shifting Twisted Machinery released Shrapnel Trap 301 | -10/Subcaves | Build established: Mutant 348 | -10/Subcaves | Discovered new exit (range 9) 399 | -10/Subcaves | Lost 3 parts (1n2w) 400 | -10/Subcaves | Core integrity fell below 50% 538 | -10/Subcaves | Entered Scraptown 783 | -8/Scraptown | Heard Great Nut preacher, LISTEN AND RECITE! 895 | -8/Scraptown | Discovered new exit (range 11) 1068 | -8/Scraptown | Scanned Subdweller tech in exchange for log data 1074 | -8/Scraptown | Learned location of 2 exits from Factory 1140 | -8/Scraptown | Visited Shadow of the Wyrm 1209 | -8/Scraptown | Visited Spacefarers 1449 | -8/Scraptown | Visited UFD Registry 1449 | -8/Scraptown | Registered with UFD as "Pipedome" 1780 | -8/Scraptown | Met Optimus 1780 | -8/Scraptown | Accepted into 0bPrime 1868 | -8/Scraptown | Visited Scrap Suit Storage 1877 | -8/Scraptown | Found Scrap Suit 1881 | -8/Scraptown | Found Scrap Suit 1885 | -8/Scraptown | Civil war broke out across Scraptown 1959 | -8/Scraptown | Lost 5 allies 1975 | -8/Scraptown | Visited Chapter 10 1988 | -8/Scraptown | Found ID Mask 2029 | -8/Scraptown | Core integrity fell below 20% 2029 | -8/Scraptown | ID Mask engaged 2042 | -8/Scraptown | Destroyed by MX-G3O(j) with Overtuned Pulse Rifle Last Messages --------------- 01976_ Ovr. Treads recovered from malfunction. 01978_ Ovr. Treads suddenly begins malfunctioning. 01979_ Dropped Lgt. Ion Engine. 01988_ Acquired ID Mask. 01989_ Ovr. Treads suddenly begins malfunctioning. 02009_ Ovr. Treads recovered from malfunction. 02024_ Machine disabled. 02025_ Critical hit (Burn: +50). 02029_ ID Mask engaged. 02031_ Ovr. Treads destroyed. 02033_ Sml. Laser destroyed. 02037_ Ovr. Treads destroyed. 02038_ Hvy. Flak Cannon destroyed. 02038_ Sub. Power Source destroyed. 02039_ 6Y-CEH(j) cannibalizes Ion Engine to repair Lgt. Deuterium Engine. 02042_ Arm. Treads destroyed. Map ----- +----------------------------------------------------+ | ?????????????????????????????????????????????????? | | ?????????????????????????????????????????????????? | | ?????????????????????????????????????????????????? | | ?????????????????????????????????????????????????? | | ??????????????????????? ????????????????????????? | | ??????????????????????? ????????????????????????? | | ??????????????????????? ?? ????????????????????? | | ????? ???????????????## ## #????????????????????? | | ??### #????????????"#"" "# #????????????????????? | | """"" """????"?????" " "="#?????"?????????????? | | ?????? ?? %=%!!%"#???????????????????? | | ???? ??? [![[!![ #??? ??? ???????????? | | ????????? =!%&[Ej"#?? ????????????????? | | ?????????? !%=! *&=## ?? ??????"????#??? | | ????? ?? ? =*=[= [*%j ??????????????????? | | """""""""?????""???"""!%=*%!"#???????????????????? | | """""""??????????"?""" %=[[ ##?? ??????"????????? | | ### ######??????#??#""=% ;#???????#??????????? | | ##?#??????#""[ [ ;############???????? | | X"#????##??#"" * %%=;# #"""""#""#???????? | | "" "" ##??????#?#"!%[[![ ;; !!!! !#??????#? | | "" "" X"#????#?###""!! ;# #???????? | | " " ######### #""%! "## #???????? | | "" !! ! X" #?#????#? | | "" j =% ## ##"#???????? | | " " ######### #= @ ## ! !#??????????? | | "" "" ""#??????###" ## #"""""#??????????? | | "" "" ###???????#" ##########????#?????? | | X"#????????#" "#???##??????????????? | | ##??#?????#" ####????????#????#?#? | | ### ################"" ## ########"#???????? | | """""""""""""""""""""""/ [=## # #"#???????? | | """"""""""""""" """""""%/ [!* "#????#??? | | ! !%"## * *= "#???????? | | ! % jj* ## =%!""#???????? | | *% [!%j"## "#???????? | | %! [! !*= =## """ "#??????#? | | ! =%= [!j # " " "#???????? | | """"""" """"""""" " """ "" j ## """""" "#???????? | | ####### ########"## ###;##j ## """"""" "#???????? | | ????? ????" ? ?# #############???????? | | ?? ? ???#?" " ?# #??#??##????????????? | | ???" "" "???]" "!?# #????#?#???##???????? | | #??" "" "???"" " ## ##??????#?#?????????? | | ??"" ?? % ?# #???????????????????? | | ??"""" ""??"" ""?#*! ############????????? | | ???"" """?#?[" "!?#[%! #????????? | | ??? ??""??"" "??#[=! ##????????? | | ????" ??"?"???? """ ?# #????????? | | ??"??""???????????? ? #??# * #????????? | +----------------------------------------------------+ Best States ------------- Heat Dissipation 25 Energy Generation 15 Energy Capacity 200 Matter Stores 300 Matter Capacity 300 Sight Range 16 Terrain Scan Range 16 Terrain Scan Density 10 Evasion (%) 55 Recoil Reduction 2 Item Schematics ----------------- None Robot Schematics ------------------ None Fabricated ------------ Nothing Repaired ---------- Nothing Studied --------- None Alien Tech Used ----------------- None Achievements -------------- None Challenges ------------ None Game ------ Seed NullLaserAirjet Manual? 0 Play Time 00:19:47 Cumulative 56.9 hours Start 2025.11.09 @ 15:24:00 End 2025.11.09 @ 15:42:58 Sessions 1 Manual Loads 0 Difficulty Rogue Special Mode None Game No. 75 Rogue 75 Adventurer 0 Explorer 0 Win Type - Total 1 Types 1/0/0/0/0/0/0/0/0/0 Lore% 34 Gallery% 41 Achievement% 30 Wizard Run 0 Options --------- Layout 2 ASCII 0 Keyboard 0 Movement Mouse Keybinds 0 Fullscreen 1 Font 24/Smallcaps Map View 50x44 Zoom Use 0% Tactical HUD 1 Map Filters NONE Filters NONE Steam 1 RUN: 681ac04d-9e1a-4854-8d73-2f2b2aa9df43